FIQ, neutral male scurrid Tourist ------ |*.... |...`| |....| |...>- |rh..| ------ FIQ the Rambler Experience level: 1 Strength: 11 Dexterity: 12 Constitution: 12 Intelligence: 13 Wisdom: 11 Charisma: 16 Health: 0(9) Energy: 2(2) Def: 0 Gold: 907 Moves: 46 Dungeon seed: B1_3vlA1nmtQuK60 Game ID: FIQ_1498597754 Your Inventory: Coins $ - 907 gold pieces Weapons a - 39 uncursed +2 darts (in quiver) Armor e - an uncursed +0 Hawaiian shirt (being worn) Comestibles b - 2 uncursed food rations c - an uncursed orange d - 2 uncursed tripe rations f - an uncursed cream pie g - an uncursed pear h - an uncursed candy bar i - an uncursed tin of sewer rat meat j - an uncursed lembas wafer Scrolls l - 3 uncursed scrolls of magic mapping m - a blessed scroll of magic mapping Potions k - 2 uncursed potions of extra healing Wands p - an uncursed wand of secret door detection (0:15) Tools n - an uncursed expensive camera (0:39) o - an uncursed credit card q - an uncursed leash Spells and supernatural/magical abilities: Name Level Category Fail Memory W - pray for help -- divine ? -- Your skills at the end: Miscellaneous Skills wands [Basic] Weapon Skills dart [Basic] Spellcasting Skills Final Attributes: You were devoutly aligned. You had infravision. You were very stealthy. You are dead. Voluntary challenges: You went without food. You did not adorn yourself with jewelry or accessories. You did not cause conflict. You were not invisible. You did not have reflection. You were not displaced. You were an atheist. You never hit with a wielded weapon. You were a pacifist. You did not use tools. You did not use plumbed fixtures. You did not drink any magical draughts. You were illiterate. You never genocided any monsters. You never polymorphed an object. You never changed form. You used no wishes. You never split a pudding. You never wrote Elbereth's name. You never violated your personal moral code. Dungeon overview: The Dungeons of Doom: levels 1 to 16 Level 1 a long staircase Level 2 a long staircase Level 3 Level 4 Level 5 Level 6 Level 7 Level 8 Level 9 Level 10 Level 11 a sink Level 12 Level 13 Level 14 Level 15 a fountain Level 16 <- You were here History has recorded: On T:1 you entered the Dungeons of Doom to retrieve the Amulet of Yendor! On T:8 you reached level 2 of The Dungeons of Doom. On T:10 you reached level 3 of The Dungeons of Doom. On T:13 you reached level 4 of The Dungeons of Doom. On T:15 you reached level 5 of The Dungeons of Doom. On T:17 you reached level 6 of The Dungeons of Doom. On T:19 you reached level 7 of The Dungeons of Doom. On T:22 you reached level 8 of The Dungeons of Doom. On T:24 you reached level 9 of The Dungeons of Doom. On T:26 you reached level 10 of The Dungeons of Doom. On T:28 you reached level 11 of The Dungeons of Doom. On T:31 you reached level 12 of The Dungeons of Doom. On T:33 you reached level 13 of The Dungeons of Doom. On T:35 you reached level 14 of The Dungeons of Doom. On T:37 you reached level 15 of The Dungeons of Doom. On T:40 you reached level 16 of The Dungeons of Doom. Score breakdown: Gold: 10 ( 1 points) Experience: 1 level ( 0 points) Exploration: 16 levels ( 450 points) Discoveries: 0 items ( 0 points) Variety of kills: 0 monsters ( 0 points) Major goal: (nothing yet) ( 0 points) Survival: died (score multiplied by 3) Total score: 1353 Latest messages: You dig a pit in the floor. You continue digging downward. You dig a hole through the floor. You fall through... You start digging downward. You continue digging downward. You dig a pit in the floor. You continue digging downward. You dig a hole through the floor. You fall through... You start digging downward. You continue digging downward. You dig a pit in the floor. You continue digging downward. You dig a hole through the floor. You fall through... You start digging downward. You continue digging downward. You dig a pit in the floor. You are still in a pit. You crawl to the edge of the pit. You claw the hobbit. The hobbit punches you! You fall into your pit! You start digging downward. The hobbit punches you! You die... Final status: Aloha FIQ the Tourist, killed by a hobbit... You died in The Dungeons of Doom on dungeon level 16 with 1353 points, and 907 pieces of gold, after 46 moves. You were level 1 with a maximum of 9 hit points when you died.